 Dungeon Crawl Stone Soup version 0.27-a0-1191-g601b473118 (webtiles) character file.

Game seed: 7858419837198356414

475 rjrrt the Cleaver (level 7, -6/88 HPs)
             Began as a Hill Orc Berserker on May 23, 2021.
             Was a Priest of Trog.
             Mangled by a hornet (14 damage)
             ... while paralysed by a hornet
             ... on level 4 of the Dungeon on May 24, 2021.
             The game lasted 00:05:37 (3968 turns).

rjrrt the Cleaver (Hill Orc Berserker)              Turns: 3968, Time: 00:05:37

Health: -6/88      AC:  7    Str: 22    XL:     7   Next: 10%
Magic:  7/7        EV:  2    Int:  7    God:    Trog [***...]
Gold:   122        SH:  0    Dex: 10    Spells: 6/6 levels left

rFire    . . .     SeeInvis +   a - +0 hand axe
rCold    + . .     Faith    .   (no shield)
rNeg     . . .     Spirit   .   g - +1 ring mail {rC+}
rPois    .         Reflect  .   h - +0 helmet
rElec    .         Harm     .   (no cloak)
rCorr    +         Rampage  .   (no gloves)
Will     .....                  (no boots)
Stlth    ..........             (no amulet)
HPRegen  0.24/turn              f - ring of see invisible
MPRegen  0.10/turn              k - ring of resist corrosion

@: paralysed, berserking (expiring), lethally poisoned (-6 -> -10), slowed
A: no striking features
a: Renounce Religion, Berserk, Trog's Hand


You were on level 4 of the Dungeon.
You worshipped Trog.
Trog was most pleased with you.
You visited 1 branch of the dungeon, and saw 4 of its levels.

You collected 122 gold pieces.

Inventory:

Hand Weapons
 a - a +0 hand axe (weapon)
 e - a +0 trident
 i - a +0 morningstar
Missiles
 b - a throwing net
 l - 4 silver boomerangs (quivered)
Armour
 g - a +1 ring mail of cold resistance (worn)
 h - a +0 helmet (worn)
Jewellery
 f - a ring of see invisible (left hand)
 k - a ring of resist corrosion (right hand)
Scrolls
 c - 3 scrolls of teleportation
 j - a scroll of identify
Potions
 d - a potion of mutation


   Skills:
 + Level 4.1 Fighting
 * Level 9.8 Axes
 + Level 2.7 Armour
 - Level 1.5 Dodging


You had 6 spell levels left.
You didn't know any spells.
Your spell library was empty.

Dungeon Overview and Level Annotations

Branches:
Dungeon (4/15)             Temple (0/1) D:4

Altars:


Message History

You hit the hornet.
You feel sick.
The hornet stings you but does no damage.
Your Fighting skill increases to level 4!
You have reached level 7!
You barely miss the hornet.
The hornet is lightly wounded.
You feel sick. The hornet stings you.
You feel as though you will be slow longer.
You closely miss the hornet.
The hornet is lightly wounded.
You feel sick.
The hornet stings you but does no damage. x2
You hit the hornet.
The hornet is moderately wounded.
The hornet stings you!
You feel as though you will be slow longer.
Unknown command.
You closely miss the hornet.
The hornet is moderately wounded.
You feel sick. The hornet barely misses you.
You slash the hornet!
The hornet is severely wounded.
You feel sick. The hornet closely misses you.
You hit the hornet but do no damage.
The hornet is severely wounded.
You feel sick. The hornet stings you!
You suddenly lose the ability to move!
You feel sick.
You are no longer poisoned.
The hornet stings you!
* * * LOW HITPOINT WARNING * * *
You are poisoned.
You feel as though you will be slow longer.
The hornet stings you.
* * * LOW HITPOINT WARNING * * *
You feel as though you will be slow longer.
You feel sick. The hornet stings you.
* * * LOW HITPOINT WARNING * * *
You feel as though you will be slow longer.
You feel sick. The hornet stings you!
You die...

.....#..##...##
##......##.###
##.#.#.#..###
###.#......#
.........#..#
#....#...#....#
..##.....# ..##
. ##.#.y##..##
###@......#
#....[..##
.......###
........##
.....#....#
#.#.###...# #
## ...?. ......


You could see a hornet.

Vanquished Creatures
  An ice beast (D:4)
  3 scorpions
  2 bullfrog skeletons (D:4)
  Robin (D:2)
  3 gnolls (D:3)
  An adder (D:3)
  3 worms (D:2)
  2 dart slugs
  7 orcs
  4 endoplasms
  A giant cockroach (D:2)
  9 goblins
  9 hobgoblins
  7 jackals (D:3)
  5 kobolds
  3 quokkas (D:1)
  6 ball pythons
  9 bats
  5 frilled lizards
  6 rats
87 creatures vanquished.

Notes
Turn   | Place    | Note
-------+----------+-------------------------------------------
     0 | D:1      | rjrrt the Hill Orc Berserker began the quest for the Orb.
     0 | D:1      | Reached XP level 1. HP: 19/19 MP: 1/1
   108 | D:1      | Found a faded altar of an unknown god.
   412 | D:1      | Reached XP level 2. HP: 20/26 MP: 2/2
   745 | D:1      | Reached skill level 5 in Axes
  1266 | D:1      | You fall into a shaft and drop 1 floor!
  1516 | D:1      | Reached XP level 3. HP: 21/31 MP: 3/3
  1525 | D:1      | HP: 2/46 [quokka (2)]
  1528 | D:1      | Reached ** piety under Trog
  2256 | D:2      | Reached skill level 6 in Axes
  2471 | D:2      | Noticed Robin
  2479 | D:2      | Killed Robin
  2480 | D:2      | Reached XP level 4. HP: 33/39 MP: 4/4
  2910 | D:3      | Reached skill level 7 in Axes
  2916 | D:3      | Reached XP level 5. HP: 45/45 MP: 5/5
  3103 | D:3      | Reached skill level 8 in Axes
  3561 | D:4      | Reached XP level 6. HP: 44/51 MP: 6/6
  3638 | D:4      | Reached *** piety under Trog
  3689 | D:4      | Noticed an ice beast
  3703 | D:4      | Killed an ice beast
  3704 | D:4      | Reached skill level 9 in Axes
  3829 | D:4      | Found a staircase to the Ecumenical Temple.
  3951 | D:4      | Noticed a hornet
  3957 | D:4      | Paralysed by a hornet for 1 turns
  3960 | D:4      | Reached XP level 7. HP: 57/59 MP: 7/7
  3965 | D:4      | Paralysed by a hornet for 3 turns
  3968 | D:4      | Mangled by a hornet

Illustrated notes

Levels and vault maps discovered:
D:1:      lightli_arrival_maybe_door_vault, layout_basic,
          hellmonk_ecumenical_altar_blasted, solitary_fountain,
          grunt_decor_mini_mirrors, kennysheep_pointless_box,
          chequers_serial_rivers_micro_c, minmay_misc_feat_secret_circle
D:2:      layout_loops_ring, uniq_robin
D:3:      layout_basic
D:4:      layout_cave_pools, minmay_temple_entry_tees, minmay_puff,
          uniq_blork_the_orc, uniq_eustachio, uniq_sigmund

Skill      XL: |  1  2  3  4  5  6 |
---------------+-------------------+-----
Axes           | 5 6 7 8 9 |  9.8
Fighting       | 4 |  4.1
Armour         | |  2.7
Dodging        | |  1.5

Action                   |  1- 3 |  4- 6 |  7- 9 || total
-------------------------+-------+-------+-------++-------
Melee: Hand axe          |   137 |   146 |     6 ||   289
Throw: Boomerang         |       |     4 |       ||     4
Invok: Berserk           |     2 |     5 |       ||     7
  Use: Scroll            |       |     3 |       ||     3
Armor: Animal skin       |    16 |       |       ||    16
       Ring mail         |    29 |    54 |     2 ||    85
Dodge: Dodged            |    70 |    71 |     2 ||   143

Table legend: (Time is in decaauts)
 A = Elapsed time spent in this place.
 B = Non-inter-level travel time spent in this place.
 C = Inter-level travel time spent in this place.
 D = Time resting spent in this place.
 E = Time spent auto-exploring this place.
 F = Levels seen in this place.
 G = Mean time per level.
                   A        B        C        D        E       F      G
               +--------+--------+--------+--------+--------+-----+--------+
         Total |   4012 |   3966 |     46 |    444 |   2813 |   4 | 1003.0 |
       Dungeon |   4012 |   3966 |     46 |    444 |   2813 |   4 | 1003.0 |
               +--------+--------+--------+--------+--------+-----+--------+

Top non-repeatable levels by time:
     D:1: 1852 daAuts
     D:2: 1040 daAuts
     D:3: 698 daAuts
     D:4: 420 daAuts
